 Dungeon Crawl Stone Soup version 0.29.1-15-g9cfb28693d (webtiles) character file.

Game seed: 3609267505278033275

4141 Artool the Trooper (level 10, -5/72 HPs)
             Began as a Demonspawn Gladiator on Apr 5, 2023.
             Was a Follower of Hepliaklqana.
             Slain by a boulder beetle (10 damage)
             ... on level 8 of the Dungeon.
             The game lasted 00:37:20 (13602 turns).

Artool the Trooper (Demonspawn Gladiator)          Turns: 13602, Time: 00:37:21

Health: -5/72      AC: 25    Str: 17    XL:     10   Next: 7%
Magic:  10/10      EV: 11    Int: 16    God:    Hepliaklqana [*.....]
Gold:   284        SH:  5    Dex: 23    Spells: 9/9 levels left

rFire   . . .      SeeInvis +   a - +0 whip (flame)
rCold   . . .      Faith    .   (no shield)
rNeg    . . .      Spirit   .   E - +12 chain mail of Dawn {Slay+3}
rPois   .          Reflect  +   (helmet restricted)
rElec   .          Harm     .   (no cloak)
rCorr   .          Rampage  .   K - +0 pair of gloves
Will    .....                   (no boots)
Stlth   ..........              C - amulet of reflection
HPRegen 0.22/turn               c - ring of Azaizxe {Int+7 Slay+2 SInv}
MPRegen 0.12/turn               M - +6 ring of dexterity

@: no status effects
A: reduced essence, antennae 2, thin metallic scales 1, demonic guardian 1,
demonic magic 1
a: Renounce Religion, Recall Ancestor, Ancestor Identity


You were on level 8 of the Dungeon.
You worshipped Hepliaklqana.
Hepliaklqana was aware of your devotion.
You visited 2 branches of the dungeon, and saw 10 of its levels.

You collected 284 gold pieces.

Inventory:

Hand Weapons
 a - a +0 whip of flaming (weapon)
Missiles
 d - 3 throwing nets
 e - a javelin
 l - 115 stones (quivered)
 m - 26 poisoned darts
Armour
 E - the +12 chain mail of Dawn (worn) {Slay+3}
   (You found it on level 6 of the Dungeon)

   Slay:      It affects your accuracy & damage with ranged weapons and melee
   (+3).
 G - the +6 leather armour "Logoloi" {rCorr}
   (You found it on level 5 of the Dungeon)

   rCorr:     It protects you from acid and corrosion.
 K - a +0 pair of gloves (worn)
 N - a +2 scale mail of fire resistance
Magical Staves
 I - a staff of death
Jewellery
 b - a ring of magical power
 c - the ring of Azaizxe (left hand) {Int+7 Slay+2 SInv}
   (You took it off a gnoll sergeant on level 7 of the Dungeon)

   [ring of see invisible]

   Int:       It affects your intelligence (+7).
   Slay:      It affects your accuracy & damage with ranged weapons and melee
   (+2).
   SInv:      It lets you see invisible.
 h - a ring of willpower
 C - an amulet of reflection (around neck)
 M - a +6 ring of dexterity (right hand)
 O - a +4 ring of protection
Wands
 B - a wand of flame (19)
 F - a wand of mindburst (38)
 L - a wand of polymorph (4)
Scrolls
 f - a scroll of vulnerability {unknown}
 g - 4 scrolls of teleportation {unknown}
 i - a scroll of summoning {unknown}
 p - 2 scrolls of blinking {unknown}
 q - a scroll of enchant armour {unknown}
 s - a scroll of magic mapping {unknown}
 u - 6 scrolls of identify {unknown}
 w - a scroll of poison {unknown}
 y - 2 scrolls of immolation {unknown}
 D - 4 scrolls of enchant weapon {unknown}
Potions
 j - 5 potions of curing {unknown}
 k - 2 potions of lignification {unknown}
 n - 3 potions of flight {unknown}
 o - a potion of magic {unknown}
 r - 2 potions of degeneration {unknown}
 t - 3 potions of mutation {unknown}
 v - 5 potions of might {unknown}
 x - 3 potions of cancellation {unknown}
 z - 3 potions of heal wounds {unknown}
 A - a potion of ambrosia {unknown}
 H - a potion of berserk rage {unknown}
 J - a potion of brilliance {unknown}


   Skills:
 + Level 7.7 Fighting
 + Level 7.4 Maces & Flails
 - Level 2.0 Throwing
 - Level 6.0 Armour
 + Level 7.4 Dodging


You had 9 spell levels left.
You didn't know any spells.
Your spell library contained the following spells:

 Spells                   Type           Power      Damage    Failure   Level
 Apportation              Tloc           0%         N/A       97%         1
 Beastly Appendage        Tmut           0%         N/A       97%         1
 Ensorcelled Hibernation  Hex/Ice        0%         N/A       99%         2
 Passwall                 Tmut/Erth      0%         N/A       99%         2
 Wereblood                Tmut           0%         N/A       99%         2
 Gell's Gravitas          Tloc           0%         N/A       100%        3
 Lesser Beckoning         Tloc           0%         N/A       100%        3
 Spider Form              Tmut/Pois      0%         N/A       100%        3
 Swiftness                Air            0%         N/A       100%        3
 Teleport Other           Tloc           0%         N/A       100%        3
 Alistair's Intoxication  Tmut/Pois      0%         N/A       100%        5


Dungeon Overview and Level Annotations

Branches:
Dungeon (9/15)             Temple (1/1) D:7
   Lair: D:8-11         Orc: D:9-12

Altars:
Ashenzari
Cheibriados
Dithmenos
Fedhas
Gozag
Hepliaklqana
Kikubaaqudgha
Makhleb
Nemelex Xobeh
Okawaru
Qazlal
Ru
Sif Muna
Uskayaw
Vehumet
Wu Jian
Xom
Yredelemnul

Shops:
D:4 *   D:5 [

Annotations:
D:7 3 runed translucent doors, H0rd4k's ghost, novice OpAr


Innate Abilities, Weirdness & Mutations

Your life essence is reduced to manifest your ancestor. (-10% HP)
You have a pair of antennae on your head.
You are partially covered in thin metallic scales. (AC +2)
A weak demonic guardian rushes to your aid.
Spells you cast may paralyse adjacent enemies.


Message History

The killer bee attacks as you move away!
You block the killer bee's attack.
The killer bee stings you but does no damage.
The killer bee attacks as you move away!
The killer bee closely misses you. The boulder beetle hits you.
The boulder beetle stops rolling and uncurls.
The killer bee closely misses you.
You hit the boulder beetle but do no damage.
The killer bee stings you but does no damage.
The boulder beetle curls into a ball and begins rolling!
The killer bee attacks as you move away!
The killer bee closely misses you. The killer bee misses you.
You hit the killer bee. You burn the killer bee.
The killer bee is lightly wounded.
Zosia emerges from the mists of memory!
The killer bee stings you but does no damage.
The killer bee closely misses you.
The boulder beetle hits you but does no damage.
The boulder beetle stops rolling and uncurls.
The boulder beetle attacks as you move away!
The boulder beetle bites you.
The killer bee attacks as you move away!
The killer bee stings you.
The killer bee stings you but does no damage.
The boulder beetle leaps!
Zosia misses the killer bee.
You whack the killer bee! You burn the killer bee.
You kill the killer bee!
You whack the killer bee! You burn the killer bee.
You kill the killer bee!
You see here a killer bee corpse.
The boulder beetle curls into a ball and begins rolling!
Zosia hits the boulder beetle but does no damage.
The boulder beetle hits you!!!
Ouch! That really hurt!
* * * LOW HITPOINT WARNING * * *
A demonic guardian appears!
The boulder beetle stops rolling and uncurls.
The boulder beetle attacks as you move away!
The boulder beetle bites you!
You die...

###..<## #.#.#.#.#....# #......#
#............# ###.....##
#.#.#.#.#....##### ###
#.#.....####............##.##
#.###.........#..#.#.#.#.>...#..#
..##............†................
......##.........#.#.#.#.........
#.##............BR....:..........
####...#......5.@................
#..##.........................
#).#..........................
##............................
##.....#.......................
#...).##...#.#.................
##).###....####...........#....
##........#####.........##....
#...#...##.###.##......###...


You could see the friendly Zosia the ancestor, a boulder beetle (ally target)
and a friendly iron imp (summoned).

Vanquished Creatures
  Pikel (D:7)
  A water moccasin (D:7)
  2 orc warriors (D:8)
  An ice beast (D:6)
  A black bear (D:5)
  3 ogres
  2 centaurs (D:6)
  3 lemures
  A kobold brigand (D:7)
  6 bullfrogs
  2 necrophages
  2 gnoll sergeants
  8 wights
  12 killer bees
  2 howler monkeys (D:7)
  4 hounds
  3 orc priests
  3 jellies
  3 iguanas
  Natasha (thrice) (D:2)
  4 orc wizards
  12 gnolls
  6 adders
  A shadow imp (D:7)
  A white imp (D:5)
  2 worms
  7 dart slugs
  26 orcs
  4 ball pythons
  6 bats
  6 endoplasms
  2 giant cockroaches (D:2)
  13 goblins
  9 hobgoblins
  6 jackals
  6 quokkas
  7 frilled lizards
  12 kobolds
  3 rats (D:1)
196 creatures vanquished.

Vanquished Creatures (collateral kills)
  A black bear (D:4)
  A jelly (D:6)
  4 gnolls
  2 orcs (D:8)
  2 ball pythons (D:4)
  A quokka (D:2)
11 creatures vanquished.

Vanquished Creatures (others)
  An ancestor (D:9)
1 creature vanquished.

Grand Total: 208 creatures vanquished

Notes
Turn   | Place    | Note
-------+----------+-------------------------------------------
     0 | D:1      | Artool the Demonspawn Gladiator began the quest for the
                  | Orb.
     0 | D:1      | Reached XP level 1. HP: 16/16 MP: 1/1
   224 | D:1      | Gained mutation: A weak demonic guardian rushes to your
                  | aid. [demonic ancestry]
   224 | D:1      | Reached XP level 2. HP: 16/22 MP: 2/2
   443 | D:1      | HP: 1/22 [gnoll/+0 whip (3)]
   854 | D:1      | Gained mutation: You have a pair of small antennae on your
                  | head. [demonic ancestry]
   854 | D:1      | Reached XP level 3. HP: 14/28 MP: 3/3
  1171 | D:1      | Reached skill level 1 in Armour
  1779 | D:2      | Found a shimmering altar of Xom.
  2286 | D:2      | Reached XP level 4. HP: 14/34 MP: 4/4
  3674 | D:2      | Noticed Natasha
  3688 | D:2      | Killed Natasha
  3689 | D:2      | Reached XP level 5. HP: 30/41 MP: 5/5
  4010 | D:2      | Found a faded altar of an unknown god.
  4182 | D:2      | Noticed Natasha
  4632 | D:2      | Killed Natasha
  4810 | D:2      | Found a shimmering altar of Xom.
  4958 | D:2      | Noticed Natasha
  4972 | D:2      | Killed Natasha
  5736 | D:3      | You fall into a shaft and drop 3 floors!
  5743 | D:6      | Identified the +12 chain mail of Dawn {Slay+3}
  5773 | D:5      | Entered Level 5 of the Dungeon
  5798 | D:5      | Identified the +6 leather armour "Logoloi" {rCorr}
  5831 | D:5      | Found Nomooq Guba's Antique Armour Shoppe.
  5848 | D:5      | Noticed a black bear
  5871 | D:5      | Gained mutation: You have a pair of antennae on your head.
                  | [demonic ancestry]
  5871 | D:5      | Reached XP level 6. HP: 15/47 MP: 6/6
  6731 | D:5      | Found an iron altar of Okawaru.
  6929 | D:6      | Reached XP level 7. HP: 27/54 MP: 7/7
  7885 | D:4      | Found a snail-covered altar of Cheibriados.
  7894 | D:4      | Reached skill level 5 in Dodging
  7894 | D:4      | Gained mutation: You are partially covered in thin metallic
                  | scales. (AC +2) [demonic ancestry]
  7894 | D:4      | Reached XP level 8. HP: 52/61 MP: 8/8
  7978 | D:4      | Reached skill level 5 in Fighting
  7978 | D:4      | Reached skill level 5 in Maces & Flails
  8340 | D:4      | Found Kilo's Serpentskin Sales.
 10189 | D:7      | Reached skill level 5 in Armour
 10312 | D:7      | Found a staircase to the Ecumenical Temple.
 10353 | Temple   | Entered the Ecumenical Temple
 10422 | Temple   | Became a worshipper of Hepliaklqana the Forgotten
 10643 | D:7      | Found an ornate altar of the Wu Jian Council.
 10719 | D:7      | Identified the ring of Azaizxe {Int+7 Slay+2 SInv}
 10958 | D:7      | Gained mutation: Spells you cast may paralyse adjacent
                  | enemies. [demonic ancestry]
 10958 | D:7      | Reached XP level 9. HP: 57/69 MP: 9/9
 11161 | D:7      | Found a runed translucent gate.
 11161 | D:7      | Found a runed translucent gate.
 11161 | D:7      | Noticed H0rd4k's ghost (novice OpAr)
 11162 | D:7      | Found a runed translucent gate.
 13185 | D:8      | Noticed Pikel
 13223 | D:7      | Killed Pikel
 13269 | D:8      | Found an opulent altar of Gozag.
 13397 | D:8      | Reached XP level 10. HP: 78/79 MP: 10/10
 13420 | D:8      | Reached * piety under Hepliaklqana
 13572 | D:9      | Noticed a boulder beetle
 13602 | D:8      | Slain by a boulder beetle

Illustrated notes

Levels and vault maps discovered:
D:1:      minmay_arrival_stone_box, layout_loops_cross
D:2:      layout_loops_corners, basic_altar,
          hellmonk_ecumenical_altar_defaced_shrine, kennysheep_cross_bottleneck,
          minmay_pentomino_u4, uniq_natasha
D:3:      layout_basic, minmay_door_square
D:4:      layout_cave_pools, mainiacjoe_overflow_chevrons,
          hangedman_decor_lopped, guppyfry_shop_venom
D:5:      layout_basic, okawaru_altar_gauntlet_db, serial_shops,
          nicolae_shop_waterfront, dk_noncrumbling_3
D:6:      layout_rooms, minmay_strange_pillars, st_stairs_11,
          chequers_serial_rivers_large_b
D:7:      layout_loops_cross, kennysheep_mini, minmay_temple_entry_slanted,
          gammafunk_ghost_split, nicolae_eternal_life
D:8:      layout_cave_pools, lemuel_round_altar, serial_glass, glass_columns_c,
          glass_columns_b, uniq_pikel
D:9:      layout_irregular_city, ebering_ghost_reflecting_pool, enter_bailey_3,
          kennysheep_boxes
Temple:   bh_familiar_temple

Skill      XL: |  1  2  3  4  5  6  7  8  9 |
---------------+----------------------------+-----
Throwing       | 2 |  2.0
Maces & Flails | 3 4 6 7 |  7.4
Dodging        | 3 4 5 6 7 |  7.4
Armour         | 1 2 3 5 6 |  6.0
Fighting       | 3 4 6 7 |  7.7

Action                   |  1- 3 |  4- 6 |  7- 9 | 10-12 || total
-------------------------+-------+-------+-------+-------++-------
Melee: Whip              |   143 |   268 |   716 |    24 ||  1151
       Flail             |     5 |       |       |       ||     5
       Punch             |       |     2 |     9 |       ||    11
Throw: Throwing net      |       |     1 |       |       ||     1
       Stone             |       |       |     4 |       ||     4
Invok: Ancestor Identity |       |       |       |     1 ||     1
 Stab: Sleeping          |     2 |     1 |       |       ||     3
Armor: Leather armour    |    44 |    29 |       |       ||    73
       Chain mail        |       |    71 |   448 |    36 ||   555
Dodge: Dodged            |    99 |   162 |   282 |    39 ||   582
Block: Other             |       |       |   117 |    11 ||   128
       Reflection        |       |       |     3 |       ||     3
